 Dungeon Crawl Stone Soup version 0.29-a0-541-gaf1fc19f1b (webtiles) character file.

Game seed: 7391099673420998472

26 Hubjo the Firebug (level 2, -2/16 HPs)
             Began as a Deep Elf Fire Elementalist on June 2, 2022.
             Was a Follower of Wu Jian.
             Slain by an endoplasm (3 damage)
             ... on level 2 of the Dungeon.
             The game lasted 00:01:24 (1717 turns).

Hubjo the Firebug (Deep Elf Fire Elementalist)      Turns: 1717, Time: 00:01:25

Health: -2/16      AC:  2    Str:  5    XL:     2   Next: 89%
Magic:  8/8        EV: 12    Int: 19    God:    Wu Jian [*.....]
Gold:   43         SH:  0    Dex: 15    Spells: 6/7 levels left

rFire   . . .      SeeInvis .   (no weapon)
rCold   . . .      Faith    .   (no shield)
rNeg    . . .      Spirit   .   a - +0 robe
rPois   .          Reflect  .   (no helmet)
rElec   .          Harm     .   (no cloak)
rCorr   .          Rampage  .   (no gloves)
Will    .....                   (no boots)
Stlth   ++........              (no amulet)
HPRegen 0.05/turn               (no ring)
MPRegen 0.11/turn               (no ring)

@: no status effects
A: no striking features
a: Renounce Religion


You were on level 2 of the Dungeon.
You worshipped Wu Jian.
Wu Jian was aware of your devotion.
You visited 1 branch of the dungeon, and saw 2 of its levels.

You collected 43 gold pieces.

Inventory:

Armour
 a - a +0 robe (worn)
Scrolls
 c - a scroll of immolation {unknown}
 e - 3 scrolls of identify {unknown}
Potions
 b - a potion of magic
 d - 2 potions of haste {unknown}
 f - a potion of mutation {unknown}


   Skills:
 * Level 1.1 Fighting
 - Level 2.4 Dodging
 + Level 2.9 Stealth
 + Level 3.4 Spellcasting
 - Level 1.1 Conjurations
 + Level 3.6 Fire Magic


You had 6 spell levels left.
You knew the following spells:

 Your Spells              Type           Power      Damage    Failure   Level
a - Foxfire               Conj/Fire      48%        2x1d6     5%          1

Your spell library contained the following spells:

 Spells                   Type           Power      Damage    Failure   Level
 Scorch                   Fire           32%        2d7       4%          2
 Conjure Flame            Conj/Fire      12%        6-21      17%         3
 Inner Flame              Hex/Fire       10%        N/A       22%         3
 Flame Wave               Conj/Fire      12%        2d6       50%         4
 Irradiate                Conj/Tmut      2%         3d14      97%         5
 Blade Hands              Tmut           1%         N/A       99%         5
 Dragon Form              Tmut           1%         N/A       100%        7


Dungeon Overview and Level Annotations

Branches:
Dungeon (2/15)

Altars:
Wu Jian

Shops:
D:1 *?([


Message History

The endoplasm quivers.
The endoplasm freezes you.
You are frozen.
The endoplasm hits you. The endoplasm closely misses you.
The endoplasm hits you. The endoplasm barely misses you.
The endoplasm barely misses you.
The endoplasm hits you but does no damage.
The endoplasm closely misses you. The endoplasm completely misses you.
The endoplasm hits you but does no damage.
The endoplasm barely misses you. The endoplasm barely misses you.
The endoplasm hits you. The endoplasm completely misses you.
The endoplasm closely misses you. The endoplasm misses you.
The endoplasm jiggles.
The endoplasm completely misses you. The endoplasm barely misses you.
The endoplasm barely misses you. The endoplasm hits you.
The endoplasm barely misses you. The endoplasm closely misses you.
The endoplasm freezes you.
You are frozen.
* * * LOW HITPOINT WARNING * * *
The endoplasm closely misses you. The endoplasm closely misses you.
The endoplasm freezes you.
You are frozen.
* * * LOW HITPOINT WARNING * * *
The endoplasm barely misses you. The endoplasm freezes you.
You are frozen.
* * * LOW HITPOINT WARNING * * *
The endoplasm barely misses you. The endoplasm hits you.
You die...

###########
..........#
...(......#
.....?....#
..........####
.............
........J.#
.......@..#
..........#
#########.#
... #.. ..#
... ##


You could see an endoplasm.

Vanquished Creatures
  3 dart slugs (D:1)
  2 endoplasms (D:1)
  A giant cockroach (D:1)
  A goblin (D:1)
  A hobgoblin (D:1)
  3 quokkas (D:1)
  A frilled lizard (D:1)
  5 kobolds (D:1)
  3 rats (D:1)
20 creatures vanquished.

Vanquished Creatures (others)
  129 foxfires (D:1)
129 creatures vanquished.

Grand Total: 149 creatures vanquished

Notes
Turn   | Place    | Note
-------+----------+-------------------------------------------
     0 | D:1      | Hubjo the Deep Elf Fire Elementalist began the quest for
                  | the Orb.
     0 | D:1      | Reached XP level 1. HP: 10/10 MP: 6/6
   437 | D:1      | Found Olay's Antique Armour Emporium.
   442 | D:1      | Reached XP level 2. HP: 16/16 MP: 2/8
   583 | D:1      | Found Apulet's Weapon Shoppe.
   818 | D:1      | Found Foej's Magic Scroll Shoppe.
   849 | D:1      | Reached skill level 1 in Fighting
  1324 | D:1      | Found Tulethux's Assorted Antiques.
  1342 | D:1      | Found a faded altar of an unknown god.
  1614 | D:1      | Prayed at the altar of an unknown god.
  1614 | D:1      | Became a worshipper of the Wu Jian Council
  1614 | D:1      | Reached * piety under Wu Jian
  1717 | D:2      | Slain by an endoplasm

Illustrated notes

Levels and vault maps discovered:
D:1:      minmay_arrival_stone_box, layout_loops_cross, serial_shops,
          shop_fountains, shop, nicolae_shop_bloodbath_and_beyond,
          nicolae_diamond_shop, hellmonk_ecumenical_altar_inner_sanctum
D:2:      layout_rooms, basic_altar, serial_shops, shop, shop, shop, shop

Skill      XL: |  1  2 |
---------------+-------+-----
Fighting       | 1 |  1.1
Dodging        | |  2.4
Stealth        | |  2.9
Spellcasting   | |  3.4
Conjurations   | |  1.1
Fire Magic     | |  3.6

Action                   || total
-------------------------++-------
Melee: Unarmed           ||     3
 Cast: Foxfire           ||    78
Armor: Robe              ||     3
Dodge: Dodged            ||    21

Table legend: (Time is in decaauts)
 A = Elapsed time spent in this place.
 B = Non-inter-level travel time spent in this place.
 C = Inter-level travel time spent in this place.
 D = Time resting spent in this place.
 E = Time spent auto-exploring this place.
 F = Levels seen in this place.
 G = Mean time per level.
                   A        B        C        D        E       F      G
               +--------+--------+--------+--------+--------+-----+--------+
         Total |   1716 |   1589 |    127 |      0 |   1380 |   2 |  858.0 |
       Dungeon |   1716 |   1589 |    127 |      0 |   1380 |   2 |  858.0 |
               +--------+--------+--------+--------+--------+-----+--------+

Top non-repeatable levels by time:
     D:1: 1671 daAuts
     D:2: 45 daAuts
